 Dungeon Crawl Stone Soup version 0.26.1-2-gb8aa6d0cf2 (webtiles) character file.

Game seed: 8403345081984872825

25 Cassim the Magician (level 2, 0/21 HPs)
             Began as a Mummy Hedge Wizard on Mar 28, 2021.
             Slain by an adder (2 damage)
             ... on level 1 of the Dungeon.
             The game lasted 00:07:16 (1524 turns).

Cassim the Magician (Mummy Hedge Wizard)            Turns: 1524, Time: 00:07:17

Health: 0/21       AC:  2    Str: 13    XL:     2   Next: 86%
Magic:  6/7        EV: 12    Int: 13    God:
Gold:   74         SH:  0    Dex: 11    Spells: 8/9 levels left

rFire    x . .     SeeInvis .   h - +0 spear
rCold    + . .     Faith    .   (no shield)
rNeg     + + +     Spirit   .   b - +0 robe
rPois    ∞         Reflect  .   c - +0 hat
rElec    .         Harm     .   (no cloak)
rCorr    +         Rampage  .   (no gloves)
Will     .....                  (no boots)
Stlth    ++........             (no amulet)
HPRegen  0.07/turn              d - ring of resist corrosion
MPRegen  0.10/turn              (no ring)

@: no status effects
A: no potions, fire vulnerability, cold resistance 1, negative energy resistance
3, torment resistance, unbreathing
a: no special abilities


You were on level 1 of the Dungeon.
You visited 1 branch of the dungeon, and saw 2 of its levels.

You collected 74 gold pieces.

Inventory:

Hand Weapons
 a - a +0 dagger
 h - a +0 spear (weapon)
Armour
 b - a +0 robe (worn)
 c - a +0 hat (worn)
Jewellery
 d - a ring of resist corrosion (left hand)
Scrolls
 e - a scroll of magic mapping {unknown}
 f - a scroll of teleportation {unknown}
 g - a scroll of remove curse {unknown}


   Skills:
 + Level 1.2 Fighting
 - Level 1.5 Dodging
 - Level 1.5 Stealth
 + Level 4.4 Spellcasting
 + Level 1.4 Conjurations
 - Level 0.7 Summonings
 - Level 0.7 Translocations


You had 8 spell levels left.
You knew the following spells:

 Your Spells              Type           Power        Failure   Level
a - Magic Dart            Conj           24%          11%         1

Your spell library contained the following spells:

 Spells                   Type           Power        Failure   Level
 Blink                    Tloc           N/A          22%         2
 Call Imp                 Summ           4%           22%         2
 Slow                     Hex            2%           30%         2
 Conjure Flame            Conj/Fire      4%           41%         3
 Mephitic Cloud           Conj/Pois/Air  4%           43%         3


Dungeon Overview and Level Annotations

Branches:
Dungeon (2/15)

Altars:


Innate Abilities, Weirdness & Mutations

You do not drink.
Your flesh is vulnerable to fire.
You are immune to poison.
Your flesh is cold resistant. (rC+)
You are immune to negative energy. (rN+++)
You are immune to unholy pain and torment.
You can survive without breathing.


Message History

The magic dart hits the adder.
The adder is moderately wounded.
The adder bites you.
* * * LOW HITPOINT WARNING * * *
Your magical contamination has completely faded away.
The adder misses you. The adder closely misses you.
The adder barely misses you. The adder closely misses you.
There is a stone staircase leading up here.
The adder misses you.
You climb upwards.
There is a stone staircase leading down here.
The adder bites you.
* * * LOW HITPOINT WARNING * * *
The adder barely misses you. The adder bites you.
* * * LOW HITPOINT WARNING * * *
The adder bites you.
You die...

#.
#################.
#.................
##########.######.
#.................
#.########.#.####.
#.# ####........
#.# #.##.#......
#@# #.#.......#.
#S# #.##.#.#.##.
#.# #...........
#.## #.####......
#..# #.# #...##.
#..# #.####...##.
#..# #...†.......
#..# #.####......
#..# #.# #....#.


You could see an adder.

Vanquished Creatures
  8 goblins (D:1)
  A hobgoblin (D:1)
  3 jackals (D:1)
  3 frilled lizards (D:1)
  4 kobolds (D:1)
  4 rats (D:1)
23 creatures vanquished.

Notes
Turn   | Place    | Note
-------+----------+-------------------------------------------
     0 | D:1      | Cassim the Mummy Hedge Wizard began the quest for the Orb.
     0 | D:1      | Reached XP level 1. HP: 13/13 MP: 5/5
   256 | D:1      | Reached skill level 1 in Conjurations
   488 | D:1      | Reached XP level 2. HP: 20/20 MP: 1/7
   727 | D:1      | Reached skill level 1 in Fighting
  1521 | D:1      | HP: 1/21 [adder (2)]
  1524 | D:1      | Slain by an adder

Illustrated notes

Levels and vault maps discovered:
D:1:      dpeg_arrival_orchard, layout_basic
D:2:      layout_loops_cross, nicolae_overflow_hidden_temple, fedhas_altar_3,
          st_stairs_9, corexii_item_surrounded_by_moat, lemuel_altar_in_water,
          uniq_robin, uniq_sigmund, uniq_crazy_yiuf_cottage

Skill      XL: |  1  2 |
---------------+-------+-----
Conjurations   | 1 |  1.4
Fighting       | 1 |  1.2
Dodging        | |  1.5
Stealth        | |  1.5
Spellcasting   | |  4.4
Summonings     | |  0.7
Translocations | |  0.7

Action                   || total
-------------------------++-------
Melee: Dagger            ||     8
       Spear             ||    26
 Cast: Magic Dart        ||    34
Armor: Robe              ||     2
Dodge: Dodged            ||    26
